Map: Ulrena

Players

lIIlllllIIII (HuK)

  • Race: Protoss Protoss
  • League: Grandmaster

Shura (Scarlett) - Winner!

  • Race: Zerg Zerg
  • League: Grandmaster

Event: Team Gravity's Fight Night #39

VOD

Have the link to the VOD?

Description

Time

  • Played on: Nov. 20, 2015, 10:33 p.m.
  • Length: 9:38

All games in this series

Show
View Real Time Build Order
Export as new Build Order

lIIlllllIIII Protoss 

Build Orders: 1 Gate Expand 

Get SALT Encoding   

  12  0:01  Probe (Chrono Boost)  
  13  0:11  Probe (Chrono Boost)  
  14  0:21  Pylon  
  14  0:22  Probe (Chrono Boost)  
  15  0:40  Probe (Chrono Boost), Gateway  
  16  0:45  Assimilator  
  16  0:50  Probe (Chrono Boost)  
  17  1:01  Probe (Chrono Boost)  
  18  1:11  Probe (Chrono Boost)  
  19  1:22  Probe (Chrono Boost)  
  20  1:30  Nexus  
  20  1:35  Cybernetics Core  
  20  1:37  Probe (Chrono Boost)  
  21  1:42  Assimilator  
  21  1:47  Probe (Chrono Boost)  
  21  1:53  Pylon  
  22  1:58  Probe (Chrono Boost)  
  23  2:13  Mothership Core (Chrono Boost), Warp Gate  
  23  2:14  Adept (Chrono Boost)  
  27  2:31  Probe (Chrono Boost)  
  28  2:41  Sentry (Chrono Boost)  
  28  2:42  Probe  
  28  2:43  Probe  
  31  2:51  Gateway  
  31  2:55  Gateway  
  31  2:57  Pylon  
  31  2:58  Probe x2 (Chrono Boost)  
  33  3:04  Sentry  
  35  3:09  Probe x2 (Chrono Boost)  
  37  3:18  Robotics Facility  
  37  3:20  Probe (Chrono Boost)  
  37  3:26  Pylon  
  38  3:27  Probe (Chrono Boost)  
  38  3:32  Probe (Chrono Boost)  
  40  3:38  Probe (Chrono Boost)  
  41  3:42  Probe (Chrono Boost)  
  43  3:48  Probe (Chrono Boost)  
  43  3:50  Sentry  
  43  3:52  Assimilator  
  43  3:53  Probe (Chrono Boost)  
  43  3:54  Assimilator  
  46  3:56  Pylon  
  46  3:59  Probe (Chrono Boost)  
  46  4:02  Probe (Chrono Boost)  
  47  4:04  Warp Prism (Chrono Boost)  
  50  4:11  Robotics Bay  
  50  4:13  Probe  
  50  4:14  Probe  
  52  4:25  Probe  
  52  4:27  Adept  
  52  4:28  Adept  
  52  4:29  Adept  
  59  4:31  Probe  
  59  4:36  Pylon  
  60  4:39  Pylon  
  60  4:41  Observer (Chrono Boost)  
  61  4:46  Pylon  
  61  4:59  Disruptor (Chrono Boost)  
  64  5:10  Adept  
  64  5:11  Adept  
  64  5:14  Pylon  
  66  5:19  Adept  
  56  5:35  Adept x2  
  57  5:52  Adept  
  50  5:57  Sentry  
  49  6:10  Mothership Core  
  49  6:13  Probe  
  46  6:25  Adept  
  46  6:26  Gateway x2  
  46  6:27  Gateway x2  
  41  6:35  Probe  
  43  6:44  Robotics Facility  
  43  6:45  Gateway  
  43  6:46  Probe  
  42  6:48  Adept  
  45  7:02  Pylon  
  45  7:03  Pylon x2  
  45  7:07  Adept  
  47  7:13  Gravitic Drive (Chrono Boost)  
  47  7:32  Stalker  
  47  7:35  Stalker x3  
  47  7:36  Stalker  
  57  7:37  Disruptor  
  54  7:57  Stalker  
  49  8:16  Stalker x3  
  55  8:26  Sentry  
  55  8:27  Sentry  
  55  8:59  Stalker x3  
  61  9:05  Stalker  
Show
View Real Time Build Order
Export as new Build Order

Shura Zerg - Winner!

Build Orders: Hatch First 

Get SALT Encoding   

  12  0:00  Drone  
  13  0:12  Overlord  
  13  0:17  Drone  
  14  0:31  Drone x2  
  14  0:35  Drone  
  17  0:46  Drone  
  18  0:56  Hatchery  
  17  0:58  Drone  
  18  1:11  Spawning Pool  
  18  1:17  Drone  
  18  1:18  Extractor  
  18  1:19  Drone  
  18  1:28  Drone  
  19  1:39  Overlord  
  19  1:57  Queen  
  19  1:58  Zergling x2  
  19  2:01  Zergling x2  
  23  2:07  Queen  
  23  2:08  Drone  
  26  2:14  Drone  
  27  2:20  Drone  
  28  2:23  Drone  
  29  2:35  Drone x2  
  33  2:46  Drone x2  
  35  2:51  Overlord  
  35  2:53  Queen  
  35  2:56  Lair  
  35  3:03  Overlord  
  35  3:04  Drone  
  36  3:09  Roach Warren, Drone  
  36  3:14  Drone  
  36  3:15  Drone x2  
  36  3:17  Drone  
  36  3:19  Drone x3  
  43  3:27  Extractor  
  43  3:29  Extractor  
  43  3:31  Drone  
  43  3:32  Drone  
  43  3:35  Drone  
  43  3:37  Overlord  
  44  3:42  Overlord  
  44  3:45  Overlord  
  44  3:56  Roach  
  44  3:57  Roach x2  
  44  4:00  Roach  
  44  4:01  Roach x3  
  58  4:03  Roach  
  60  4:11  Overlord  
  60  4:16  Roach x3  
  66  4:19  Overlord  
  66  4:23  Glial Reconstitution  
  66  4:29  Ravager  
  66  4:30  Ravager  
  68  4:37  Roach x3  
  74  4:50  Roach x4  
  82  4:57  Ravager  
  82  5:11  Roach x4  
  77  5:28  Roach  
  77  5:29  Roach x3  
  76  5:44  Roach x2  
  76  5:45  Roach x2  
  80  5:54  Roach  
  82  6:04  Queen x2  
  78  6:05  Roach  
  78  6:09  Spire  
  69  6:15  Hatchery  
  68  6:19  Overlord x2, Drone x5  
  73  6:29  Drone  
  73  6:32  Extractor  
  71  6:40  Drone  
  71  6:41  Drone, Queen x2  
  71  6:46  Roach  
  79  6:57  Roach x2  
  83  7:05  Roach x2  
  87  7:12  Overlord, Roach x3  
  93  7:22  Mutalisk x4  
  99  7:32  Drone x2  
  101  7:44  Mutalisk x3  
  101  7:57  Drone x5  
  100  8:08  Mutalisk x2  
  100  8:10  Drone  
  100  8:11  Drone x6  
  100  8:12  Overseer, Extractor x2  
  109  8:25  Mutalisk  
  109  8:26  Mutalisk  
  113  8:27  Overlord x2  
  113  8:38  Overlord  
  113  8:39  Overlord x3  
  113  8:41  Spine Crawler  
  90  8:50  Roach x5  
  100  9:02  Roach x2  
  108  9:03  Roach x2  
  108  9:07  Roach  
  108  9:08  Roach x3  
  104  9:15  Roach  

Tags
 
Add a new tag
Caveats
  • Supply blocks, unpowered buildings, or Contaminate may cause inaccurate times.
  • Supply counts are checked every 10 seconds.